AoeStats
← Numen

Arabia

505863003Analyzed
1v1 RM · 21d ago on Sep 11, 2026· 50m 5s· 2 players
Game mode
Random Map
Map size
Tiny (2 player)
Population
200
Speed
Normal
Resources
Standard
Victory
Conquest
Starting age
Dark Age
Ending age
Imperial Age
RankedLock teamsTeams togetherTeam positionsShared explorationLock speedFull tech treeHidden civsTurbo modeCheats
Victory
Defeat
🇫🇴 Teutons · Faroe Islands
740
+15
🇪🇸 Mongols · Spain
716
-15
Numen
3:16 Loom
9:36 Feudal Age
10:09 Double-Bit Axe
11:34 Town Watch
17:12 Scale Mail Armor
17:03 Fletching
19:05 Wheelbarrow
24:16 Castle Age
44:16 Padded Archer Armor
*DEAD*
2:36 Loom
5:12 Loom
11:49 Feudal Age
12:29 Double-Bit Axe
12:26 Horse Collar
14:01 Wheelbarrow
13:16 Town Watch
13:57 Arson
14:54 Forging
16:38 Scale Mail Armor
17:34 Man-at-Arms
24:57 Castle Age
23:28 Gold Mining
26:12 Hand Cart
26:01 Pikeman
27:21 Bow Saw
28:14 Squires
28:54 Iron Casting
34:01 Town Patrol
35:19 Gambesons
36:36 Stone Mining
41:12 Imperial Age
40:06 Heavy Plow
40:23 Fervor
40:54 Ironclad
40:17 Long Swordsman
41:24 Bloodlines
41:43 Chain Mail Armor
41:36 Scale Barding Armor
42:19 Conscription
43:10 Halberdier
45:51 Stone Shaft Mining
44:51 Two-Handed Swordsman
46:57 Crop Rotation
47:05 Capped Ram
49:43 Two-Man Saw
Connection lost

Rejoining the realm…

Still unreachable

The connection could not be restored.

Session expired

The server has moved on; the page needs a fresh start.